 Dungeon Crawl Stone Soup version 0.29.1 (webtiles) character file.

Game seed: 5085742558793007720

390 ILmort the Ruffian (level 6, 0/33 HPs)
             Began as a Vine Stalker Fighter on Sept 14, 2022.
             Was a Believer of Makhleb.
             Slain by an orc wizard
             ... wielding a +1 dagger of distortion
              (3 damage)
             ... on level 3 of the Dungeon.
             The game lasted 00:07:03 (2712 turns).

ILmort the Ruffian (Vine Stalker Fighter)           Turns: 2712, Time: 00:07:03

Health: 0/33       AC: 10    Str: 21    XL:     6   Next: 80%
Magic:  0/7        EV:  9    Int:  8    God:    Makhleb [**....]
Gold:   145        SH: 10    Dex: 13    Spells: 5/5 levels left

rFire   . . .      SeeInvis .     - Unarmed
rCold   . . .      Faith    .   b - +0 buckler
rNeg    . . .      Spirit   +   a - +1 scale mail
rPois   .          Reflect  +   (no helmet)
rElec   .          Harm     .   (no cloak)
rCorr   .          Rampage  .   m - +0 pair of gloves
Will    .....                   u - +0 pair of boots
Stlth   ..........              k - amulet of reflection
HPRegen 0.91/turn               (no ring)
MPRegen 0.10/turn               (no ring)

@: attractive
A: fangs 2, regeneration 1, magic shield, antimagic bite, no potion heal 2
a: Renounce Religion, Minor Destruction


You were on level 3 of the Dungeon.
You worshipped Makhleb.
Makhleb was pleased with you.
You visited 1 branch of the dungeon, and saw 4 of its levels.

You collected 145 gold pieces.

Inventory:

Missiles
 r - 2 poisoned darts (quivered)
Armour
 a - a +1 scale mail (worn)
 b - a +0 buckler (worn)
 i - a +2 leather armour of cold resistance
 m - a +0 pair of gloves (worn)
 u - a +0 pair of boots (worn)
Jewellery
 k - an amulet of reflection (around neck)
Scrolls
 e - 6 scrolls of identify
 h - a scroll of brand weapon {unknown}
 n - 2 scrolls of enchant weapon
 p - a scroll of summoning {unknown}
Potions
 c - a potion of might
 f - a potion of brilliance {unknown}
 g - a potion of ambrosia {unknown}
 l - a potion of curing
 o - a potion of magic {unknown}
 q - a potion of berserk rage {unknown}
 s - a potion of lignification {unknown}
 t - a potion of attraction


   Skills:
 + Level 3.8 Fighting
 + Level 3.4 Armour
 + Level 3.8 Shields
 * Level 4.6 Unarmed Combat


You had 5 spell levels left.
You didn't know any spells.
Your spell library was empty.

Dungeon Overview and Level Annotations

Branches:
Dungeon (4/15)
 Temple: D:4-7

Altars:
Makhleb
Okawaru
Yredelemnul

Portals:
Abyss: D:3

Annotations:
D:3 1 transporter, dvd2's ghost, weakling FeTm


Innate Abilities, Weirdness & Mutations

You have extremely sharp teeth.
Your natural rate of healing is unusually fast.
When hurt, damage is shared between your health and your magic reserves.
Your bite disrupts and absorbs the magic of your enemies.
Potions cannot restore your health.


Message History

The orc hits you with a +1 whip of freezing.
* * * LOW HITPOINT WARNING * * *
The orc freezes you.
* * * LOW HITPOINT WARNING * * *
The orc wizard hits you but does no damage.
The orc closely misses you.
As you read the scroll labelled WATOAX AMIBU, it crumbles to dust.
You hear a loud clanging noise!
It was a scroll of noise.
You block the jackal's attack. The orc closely misses you.
The orc wizard hits you with a +1 dagger of distortion.
* * * LOW HITPOINT WARNING * * *
You block the orc's attack.
As you read the scroll labelled NOYTOE VIORU, it crumbles to dust.
It is a scroll of enchant armour.
Your +0 scale mail glows green for a moment.
The jackal bites you but does no damage.
The orc wizard barely misses you.
The orc hits you with a +1 whip of freezing.
* * * LOW HITPOINT WARNING * * *
The orc freezes you. The jackal barely misses you.
The orc hits you but does no damage.
It was a potion of curing.
That felt strangely inert.
You block the jackal's attack. You block the orc wizard's attack.
The orc hits you but does no damage. The orc closely misses you.
You have no ailments to cure.
It was a potion of attraction.
You feel attractive to monsters. You block the jackal's attack.
The orc wizard hits you but does no damage.
Space warps around you.
* * * LOW HITPOINT WARNING * * *
The orc hits you but does no damage. You block the orc's attack.
As you read the scroll labelled OSMAF SIELUNOU, it crumbles to dust.
It is a scroll of identify.
n - 2 scrolls of enchant weapon The jackal bites you but does no damage.
You block the jackal's attack.
The orc wizard hits you with a +1 dagger of distortion.
You die...

#....#.....
#.##.#.....
#.##.#.^... ######
##.##.#.....
#....###..##.#.....
#....##..###[#.....
#....##.## #.#.....
#)oh.'..# #.......
#o@..#### ###.....
##o### #.....
#.######### ##.###
#.........# #.# #
#.#######.# #.# #
#.# #.# #.# #.# #.#
#.# #.# #.# #.###
#.## #.# #...@


You could see an orc wizard (magic disrupted), 2 orcs and a jackal.

Vanquished Creatures
  Sigmund (D:3)
  Natasha (thrice) (D:3)
  5 adders
  4 gnolls
  A worm (D:3)
  4 dart slugs
  2 orcs (D:3)
  5 endoplasms
  4 giant cockroaches
  3 goblins
  5 hobgoblins
  3 jackals
  3 kobolds
  A quokka (D:2)
  3 ball pythons
  9 bats
  4 frilled lizards
  4 rats (D:2)
64 creatures vanquished.

Vanquished Creatures (others)
  A bat (D:3)
1 creature vanquished.

Grand Total: 65 creatures vanquished

Notes
Turn   | Place    | Note
-------+----------+-------------------------------------------
     0 | D:1      | ILmort the Vine Stalker Fighter began the quest for the
                  | Orb.
     0 | D:1      | Reached XP level 1. HP: 11/11 MP: 2/2
    85 | D:1      | Found a faded altar of an unknown god.
   244 | D:1      | Prayed at the altar of an unknown god.
   244 | D:1      | Became a worshipper of Makhleb the Destroyer
   244 | D:1      | Reached * piety under Makhleb
   299 | D:1      | Reached XP level 2. HP: 10/16 MP: 3/3
   899 | D:2      | Reached XP level 3. HP: 19/19 MP: 4/4
  1144 | D:2      | Reached ** piety under Makhleb
  1212 | D:2      | Found an iron altar of Okawaru.
  1328 | D:2      | Reached skill level 3 in Unarmed Combat
  1397 | D:2      | Gained mutation: Your natural rate of healing is unusually
                  | fast. [Vine Stalker growth]
  1397 | D:2      | Reached XP level 4. HP: 22/24 MP: 5/5
  1627 | D:3      | Noticed Natasha
  1638 | D:3      | Killed Natasha
  1675 | D:3      | Noticed Natasha
  1681 | D:3      | Killed Natasha
  1682 | D:3      | Reached XP level 5. HP: 28/28 MP: 6/6
  1683 | D:3      | Noticed Sigmund
  1710 | D:3      | Noticed Natasha
  1721 | D:3      | Killed Natasha
  1775 | D:3      | Killed Sigmund
  1776 | D:3      | Reached skill level 4 in Unarmed Combat
  1776 | D:3      | Reached XP level 6. HP: 32/33 MP: 7/7
  1993 | D:3      | Found a one-way gate to the infinite horrors of the Abyss.
  1993 | D:3      | Noticed dvd2's ghost (weakling FeTm)
  2129 | D:3      | Found a basalt altar of Yredelemnul.
  2252 | D:3      | Found a transporter.
  2260 | D:3      | Noticed a toenail golem
  2712 | D:3      | Slain by an orc wizard

Illustrated notes

Levels and vault maps discovered:
D:1:      amcnicky_arrival_single_pillar, layout_rooms,
          shapermc_ecumenical_altar_totnotflames, fountainhead
D:2:      layout_rooms, basic_altar
D:3:      layout_basic, yredelemnul_altar_generic,
          gammafunk_ghost_abyssal_escape, uniq_natasha, uniq_sigmund
D:4:      minmay_wonky_spiral, layout_rooms, grunt_dithmenos_smoke,
          minmay_temple_entry_drinking_statues, gammafunk_ghost_stat_death

Skill      XL: |  1  2  3  4  5 |
---------------+----------------+-----
Fighting       | 3 |  3.8
Shields        | 3 |  3.8
Unarmed Combat | 3 4 |  4.6
Armour         | 3 |  3.4

Action                   |  1- 3 |  4- 6 || total
-------------------------+-------+-------++-------
Melee: Unarmed           |   104 |   115 ||   219
       Bite              |    26 |    30 ||    56
Throw: Dart              |       |     2 ||     2
  Use: Scroll            |       |     3 ||     3
       Potion            |       |     2 ||     2
Armor: Scale mail        |    43 |    90 ||   133
Dodge: Dodged            |    41 |    63 ||   104
Block: Buckler           |    39 |   103 ||   142
       Reflection        |       |     1 ||     1
